 Dungeon Crawl Stone Soup version 0.24-a0-194-g9bee6eb (webtiles) character file.

Game seed: 499808578710699072

405 Lanoc the Ducker (level 6, -4/47 HPs)
             Began as a Demonspawn Gladiator on Mar 18, 2019.
             Was an Elder of Jiyva.
             Slain by an orc warrior
             ... wielding a +0 short sword
              (20 damage)
             ... on level 6 of the Dungeon.
             The game lasted 00:09:50 (3011 turns).

Lanoc the Ducker (Demonspawn Gladiator)             Turns: 3011, Time: 00:09:51

Health: -4/47      AC:  7    Str: 15    XL:     6   Next: 56%
Magic:  6/6        EV: 14    Int:  9    God:    Jiyva [****..]
Gold:   126        SH:  0    Dex: 16    Spells: 5/5 levels left

rFire    . . .     SeeInvis .     - Unarmed
rCold    . . .     Gourm    .   (no shield)
rNeg     . . .     Faith    .   b - +0 leather armour
rPois    .         Spirit   .   c - +0 helmet
rElec    .         Reflect  .   o - +0 cloak
rCorr    +         Harm     .   (no gloves)
MR       .....                  (no boots)
Stlth    +.........             (no amulet)
HPRegen  0.15/turn              q - +2 ring of dexterity
MPRegen  0.10/turn              (no ring)

@: no status effects
A: claws 2, slimy green scales 1, blurry vision 1, clumsy 1, demonic guardian 1,
tendrils
a: Request Jelly, Slimify, Renounce Religion


You were on level 6 of the Dungeon.
You worshipped Jiyva.
Jiyva was greatly pleased with you.
You were not hungry.

You visited 1 branch of the dungeon, and saw 6 of its levels.

You collected 126 gold pieces.

Inventory:

Hand Weapons
 a - a +0 war axe
Missiles
 d - 3 throwing nets (quivered)
Armour
 b - a +0 leather armour (worn)
 c - a +0 helmet (worn)
 o - a +0 cloak (worn)
Jewellery
 q - a +2 ring of dexterity (left claw)
Wands
 l - a wand of enslavement (9)
Scrolls
 e - 2 scrolls of fear {unknown}
 g - a scroll of amnesia {unknown}
 h - 6 scrolls of identify {unknown}
 j - 2 scrolls of magic mapping {unknown}
 n - a scroll of teleportation {unknown}
 r - a scroll of immolation {unknown}
Potions
 i - a potion of might
 k - a potion of ambrosia {unknown}
 m - a potion of lignification {unknown}
 p - a potion of brilliance {unknown}
Comestibles
 f - 7 rations


   Skills:
 + Level 3.6 Fighting
 - Level 2.7 Axes
 - Level 1.7 Throwing
 + Level 2.5 Armour
 + Level 3.9 Dodging
 * Level 3.4 Unarmed Combat


You had 5 spell levels left.
You didn't know any spells.
Your spell library was empty.

Dungeon Overview and Level Annotations

Branches:
Dungeon (6/15)
 Temple: D:4-7

Altars:
Xom
Jiyva


Innate Abilities, Weirdness & Mutations

You have very sharp fingernails.
You are partially covered in slimy green scales. (AC +2)
A weak demonic guardian rushes to your aid.
Scrolls take you a little longer to read.
You are clumsy. (Dex -2)
You are covered in slimy tendrils that may disarm your opponents.


Message History

The crimson imp shouts!
The crimson imp blinks!
The orc throws a tomahawk.
The tomahawk hits you.
The crimson imp moves out of view.
You see here a tomahawk.
Really read with blurry vision while enemies are nearby?
Okay, then.
Unknown command. 2 orc wizards come into view.
The orc throws a tomahawk.
The tomahawk barely misses you.
The orc wizard casts a spell.
The orc wizard seems to speed up.
The orc wizard gestures wildly while chanting.
The orc wizard blinks!
The orc wizard moves out of view.
You see here a tomahawk.
An orc priest comes into view. It is wielding a +0 hand axe.
The orc priest shouts!
An orc comes into view. It is wielding a +0 hand axe.
An orc warrior comes into view. It is wielding a +0 glaive.
The orc warrior hits you with a +0 short sword!!
You die...

#.#.# #...# ##..# #..#
#######..#######
#.......>......#
#.##.#########.# #.
#.# #.# #.##.###
#####@#####.. #......#
#...o5...o'oo
####.#o####.##(#####.o
#.##.#.##...(5.#
###.##.#.##o#5#..#
.).....#.##.#.#..#
###.##.#..o.5.#..#
#....####.###o..
#.##.# #o# #.###


You could see 2 orc warriors, an orc priest, an orc wizard, 3 orcs, a friendly
white imp and a friendly shadow imp.

Vanquished Creatures
  An iguana (D:5)
  A worker ant (D:5)
  An orc wizard (D:6)
  A hound skeleton (D:6)
  4 adders
  A worm (D:4)
  2 leopard geckos
  9 orcs
  A goblin (D:1)
  6 hobgoblins
  3 jackals (D:5)
  A quokka (D:2)
  A ball python (D:2)
  3 bats
  4 frilled lizards
  3 kobolds
42 creatures vanquished.

Vanquished Creatures (collateral kills)
  A black bear (D:4)
  A centaur (D:5)
  A bullfrog (D:6)
  A centaur zombie (D:5)
  An orc wizard (D:5)
  3 orcs (D:5)
8 creatures vanquished.

Vanquished Creatures (others)
  A scorpion (D:5)
  An orc wizard (D:3)
  A worker ant (D:5)
  2 adders (D:3)
  An ooze (D:3)
  4 orcs (D:3)
  A goblin (D:3)
  A hobgoblin (D:3)
  2 jackals (D:2)
  2 kobolds (D:3)
  A bat (D:2)
  A frilled lizard (D:5)
  A rat (D:3)
19 creatures vanquished.

Grand Total: 69 creatures vanquished

Notes
Turn   | Place    | Note
-------+----------+-------------------------------------------
     0 | D:1      | Lanoc the Demonspawn Gladiator began the quest for the Orb.
     0 | D:1      | Reached XP level 1. HP: 16/16 MP: 1/1
   115 | D:2      | Gained mutation: You have sharp fingernails. [demonic
                  | ancestry]
   115 | D:2      | Reached XP level 2. HP: 17/22 MP: 2/2
   154 | D:2      | Found a faded altar of an unknown god.
   169 | D:2      | Became a worshipper of Jiyva Jinuarou the Shapeless
   169 | D:2      | Reached * piety under Jiyva
   177 | D:2      | Reached skill level 1 in Armour
   411 | D:2      | Reached ** piety under Jiyva
   638 | D:3      | Gained mutation: A weak demonic guardian rushes to your
                  | aid. [demonic ancestry]
   638 | D:3      | Reached XP level 3. HP: 27/28 MP: 3/3
   711 | D:3      | Reached *** piety under Jiyva
   711 | D:3      | Gained mutation: Scrolls take you a little longer to read.
                  | [Jiyva's grace]
   722 | D:3      | Found a shimmering altar of Xom.
   723 | D:3      | Found a shimmering altar of Xom.
   734 | D:3      | Found a shimmering altar of Xom.
   777 | D:3      | Reached skill level 1 in Unarmed Combat
   879 | D:3      | Reached **** piety under Jiyva
  1153 | D:4      | Gained mutation: You have very sharp fingernails. [demonic
                  | ancestry]
  1153 | D:4      | Reached XP level 4. HP: 24/34 MP: 4/4
  1309 | D:4      | Noticed a black bear
  1315 | D:4      | Killed a black bear
  1315 | D:4      | Reached XP level 5. HP: 28/41 MP: 5/5
  1381 | D:4      | Gained mutation: You are covered in slimy tendrils that may
                  | disarm your opponents. [Jiyva's grace]
  1549 | D:5      | Entered Level 5 of the Dungeon
  2445 | D:5      | Noticed a centaur
  2461 | D:5      | Killed a centaur
  2461 | D:5      | Gained mutation: You are partially covered in slimy green
                  | scales. (AC +2) [demonic ancestry]
  2461 | D:5      | Reached XP level 6. HP: 10/47 MP: 6/6
  2695 | D:5      | Gained mutation: You are clumsy. (Dex -2) [Jiyva's grace]
  2775 | D:6      | Noticed an orc warrior
  2978 | D:6      | Noticed a two-headed ogre
  3011 | D:6      | Noticed an orc warrior
  3011 | D:6      | Slain by an orc warrior

Levels and vault maps discovered:
D:1:      sevenhm_arrival_forest_fort_small_3, layout_basic, minmay_pentomino_w2
D:2:      layout_loops_ring, chequers_ecumenical_altar_island
D:3:      layout_basic, xom_redecorated, first_ration, bh_chokoban
D:4:      black_bear_nest_2, layout_cave_pools
D:5:      layout_basic
D:6:      layout_basic, minmay_temple_entry_purple_smoke

Skill      XL: |  1  2  3  4  5 |
---------------+----------------+-----
Armour         | 1 2 |  2.5
Dodging        | 3 |  3.9
Unarmed Combat | 1 2 3 |  3.4
Fighting       | 3 |  3.6
Axes           | |  2.7
Throwing       | |  1.7

Action                   |  1- 3 |  4- 6 || total
-------------------------+-------+-------++-------
Melee: War axe           |    86 |       ||    86
       Unarmed           |       |    82 ||    82
       Punch             |       |     1 ||     1
  Use: Potion            |       |     1 ||     1
 Stab: Sleeping          |     2 |       ||     2
Armor: Leather armour    |    33 |    33 ||    66
Dodge: Dodged            |    87 |    57 ||   144

Table legend:
 A = Non-vault XP
 B = Vault XP
 C = Vault XP percentage of total XP
 D = Non-vault monster count
 E = Vault monster count
 F = Vault count percentage of total count
                 A         B        C        D         E       F
            +---------+---------+-------+---------+---------+-------
      Total |     475 |     104 |  18.0 |      50 |       1 |   2.0
            +---------+---------+-------+---------+---------+-------
        D:1 |       2 |       0 |   0.0 |       1 |       0 |   0.0
        D:2 |      30 |       0 |   0.0 |      13 |       0 |   0.0
        D:3 |      51 |       0 |   0.0 |      12 |       0 |   0.0
        D:4 |      25 |     104 |  80.6 |       5 |       1 |  16.7
        D:5 |     242 |       0 |   0.0 |      15 |       0 |   0.0
        D:6 |     125 |       0 |   0.0 |       4 |       0 |   0.0
            +---------+---------+-------+---------+---------+-------
